AoeStats
← Gim

African Clearing

506144741Analyzed
4v4 RM · 19d ago on Sep 12, 2026· 62m 47s· 8 players
Game mode
Random Map
Map size
Large (8 player)
Population
200
Speed
Normal
Resources
Standard
Victory
Conquest
Starting age
Dark Age
Ending age
Imperial Age
RankedLock teamsTeams togetherTeam positionsShared explorationLock speedFull tech treeHidden civsTurbo modeCheats
Victory
Defeat
🇨🇳 Sicilians · China
1277
+15
🇨🇳 Vietnamese · China
1269
+15
🇨🇳 Mapuche · China
1241
+16
1202
+19
🇸🇮 Teutons · Slovenia
1265
-17
🇳🇱 Dravidians · Netherlands
1259
-17
🇫🇷 Ethiopians · France
1256
-16
🇫🇷 Vietnamese · France
1224
-15
Dislike Me
4:04 Loom
13:13 Feudal Age
13:16 Man-at-Arms
13:42 Arson
24:09 Castle Age
22:33 Double-Bit Axe
22:43 Fletching
23:51 Horse Collar
24:21 Crossbowman
26:09 Bodkin Arrow
27:38 Padded Archer Armor
28:21 Thumb Ring
37:06 Ballistics
38:41 Wheelbarrow
41:41 Imperial Age
40:35 Heavy Plow
40:47 Bow Saw
41:45 Hand Cart
41:15 Town Watch
41:46 Arbalester
44:06 Conscription
43:35 Capped Ram
44:22 Bracer
45:48 Chemistry
45:30 Capped Ram
46:24 Siege Ram
49:42 Light Cavalry
50:24 Husbandry
52:45 Hussar
Marknop
9:44 Loom
12:18 Feudal Age
13:09 Double-Bit Axe
19:16 Castle Age
19:06 Fletching
23:07 Pikeman
24:45 Padded Archer Armor
27:17 Bodkin Arrow
27:38 Leather Archer Armor
30:09 Forging
31:05 Ballistics
38:04 Imperial Age
38:16 Treadmill Crane
38:08 Capped Ram
39:43 Elite Rattan Archer
41:29 Elite Fire Lancer
43:34 Ring Archer Armor
43:04 Bracer
46:03 Iron Casting
49:13 Halberdier
54:13 Squires
54:53 Elite Skirmisher
56:44 Imperial Skirmisher
Deathiscoming
13:02 Feudal Age
13:08 Loom
13:04 Man-at-Arms
14:03 Arson
18:41 Fletching
22:13 Double-Bit Axe
26:00 Castle Age
24:40 Padded Archer Armor
28:07 Bow Saw
30:22 Horse Collar
34:08 Wheelbarrow
34:09 Heavy Plow
37:30 Long Swordsman
38:12 Squires
38:31 Husbandry
38:36 Scale Mail Armor
38:47 Forging
39:41 Gambesons
40:15 Chain Mail Armor
40:14 Bodkin Arrow
41:14 Leather Archer Armor
41:55 Thumb Ring
42:15 Town Watch
42:45 Hand Cart
43:43 Ballistics
44:46 Masonry
45:49 Chain Mail Armor
46:09 Iron Casting
45:44 Scale Barding Armor
46:16 Iron Casting
47:17 Gold Mining
50:09 Imperial Age
48:05 Medical Corps
51:36 Elite Elephant Archer
52:10 Siege Elephant
54:12 Chain Mail Armor
55:07 Conscription
disco_lama
10:02 Loom
12:56 Feudal Age
15:01 Fletching
18:00 Castle Age
17:20 Double-Bit Axe
22:43 Man-at-Arms
23:08 Gambesons
25:49 Man-at-Arms
31:26 Scale Mail Armor
32:02 Horse Collar
32:02 Long Swordsman
33:24 Chain Mail Armor
34:06 Heavy Plow
34:40 Forging
34:59 Squires
35:26 Gambesons
35:27 Arson
38:39 Iron Casting
39:27 Wheelbarrow
39:39 Wheelbarrow
38:50 Town Watch
40:02 Bow Saw
50:03 Imperial Age
47:50 Hand Cart
Guoda Statham
6:09 Loom
13:58 Feudal Age
15:20 Double-Bit Axe
29:32 Town Watch
39:35 Castle Age
37:53 Horse Collar
51:07 Imperial Age
50:53 Wheelbarrow
50:39 Bow Saw
51:15 Forging
51:01 Fletching
52:28 Conscription
52:12 Elite Kona
53:20 Butalmapu
54:30 Iron Casting
55:08 Scale Mail Armor
57:09 Blast Furnace
56:25 Chain Mail Armor
60:15 Bodkin Arrow
62:30 Plate Mail Armor
The Spirit of Bonnie Blue
3:15 Loom
14:32 Feudal Age
15:28 Double-Bit Axe
15:43 Horse Collar
18:17 Castle Age
18:23 Wheelbarrow
26:43 Bow Saw
27:07 Fletching
27:17 Padded Archer Armor
27:42 Heavy Plow
32:22 Imperial Age
31:11 Thumb Ring
31:53 Hand Cart
32:21 Bodkin Arrow
32:41 Leather Archer Armor
36:13 Chemistry
Gim
8:42 Loom
11:46 Feudal Age
22:54 Castle Age
21:43 Double-Bit Axe
23:55 Fletching
25:36 Bodkin Arrow
32:55 Scale Mail Armor
34:00 Chain Mail Armor
36:26 Wheelbarrow
35:47 Horse Collar
41:02 Imperial Age
39:05 Forging
39:42 Heavy Plow
39:54 Bow Saw
41:32 Iron Casting
41:07 Elite Serjeant
42:45 Plate Mail Armor
43:18 Crop Rotation
44:29 Hand Cart
45:59 Conscription
45:39 Stone Mining
45:40 Gold Mining
46:14 Bracer
47:50 Stone Shaft Mining
47:27 Capped Ram
48:21 Siege Ram
50:34 Ballistics
50:51 Squires
53:01 Blast Furnace
52:45 Pikeman
55:10 Chemistry
57:27 Hoardings
不黑的驴
11:34 Loom
15:17 Feudal Age
20:00 Castle Age
19:28 Double-Bit Axe
27:05 Horse Collar
30:54 Gold Mining
33:27 Wheelbarrow
32:40 Town Watch
32:50 Pikeman
33:30 Squires
33:17 Arson
34:35 Heavy Plow
34:47 Bow Saw
34:31 Stone Mining
34:52 Scale Mail Armor
35:02 Forging
38:29 Imperial Age
36:47 Chain Mail Armor
36:44 Forging
36:25 Fletching
37:46 Coinage
38:55 Hand Cart
38:20 Elite Skirmisher
39:09 Thumb Ring
39:05 Bodkin Arrow
39:10 Padded Archer Armor
39:41 Plate Mail Armor
39:46 Iron Casting
40:17 Chemistry
39:40 Ballistics
40:07 Halberdier
40:10 Imperial Skirmisher
40:59 Murder Holes
40:45 Treadmill Crane
41:17 Fortified Wall
41:13 Bracer
41:28 Leather Archer Armor
44:20 Husbandry
44:30 Bloodlines
45:42 Banking
45:46 Ring Archer Armor
45:22 Scale Barding Armor
46:25 Stone Shaft Mining
46:12 Paper Money
45:56 Chatras
46:32 Hoardings
50:20 Elite Rattan Archer
53:08 Capped Ram
61:01 Chain Barding Armor
60:30 Elite Battle Elephant
Connection lost

Rejoining the realm…

Still unreachable

The connection could not be restored.

Session expired

The server has moved on; the page needs a fresh start.